 Dungeon Crawl Stone Soup version 0.23.1-37-gaa34b87 (webtiles) character file.

Game seed: 94675046171168510

803 Irenicus the Geomancer (level 7, 0/55 HPs)
             Began as a Deep Dwarf Earth Elementalist on Mar 23, 2019.
             Slain by Pikel
             ... wielding a +1 whip of electrocution
              (16 damage)
             ... on level 4 of the Dungeon.
             The game lasted 00:12:52 (1693 turns).

Irenicus the Geomancer (DDEE)                       Turns: 1693, Time: 00:12:53

Health: 0/55       AC:  5    Str: 11    XL:     7   Next: 59%
Magic:  13/13      EV: 12    Int: 22    God:
Gold:   105        SH:  0    Dex: 13    Spells: 11/14 levels left

rFire    . . .     SeeInvis .   r - +0 whip (venom)
rCold    . . .     Gourm    .   (no shield)
rNeg     + . .     Faith    .   h - +0 leather armour
rPois    .         Spirit   .   m - +0 helmet of the Illusory Coins {rN+ Int+4} (curse)
rElec    .         Reflect  .   (no cloak)
rCorr    .         Harm     .   t - +0 pair of gloves
MR       +....                  (no boots)
Stlth    ++........             (no amulet)
HPRegen  0.00/turn              (no ring)
MPRegen  0.13/turn              (no ring)

@: non-regenerating
A: damage resistance, heal wounds, sense surroundings 1, no regeneration
a: Heal Wounds


You were on level 4 of the Dungeon.
You were hungry.

You visited 1 branch of the dungeon, and saw 4 of its levels.

You collected 105 gold pieces.

Inventory:

Hand Weapons
 a - a +0 short sword
   (You took it off a kobold on level 1 of the Dungeon)
 i - a +2 dagger of holy wrath
   (You took it off a kobold on level 2 of the Dungeon)
 r - a +0 whip of venom (weapon)
   (You took it off an orc priest on level 3 of the Dungeon)
Missiles
 b - 20 stones (quivered)
Armour
 h - a +0 leather armour (worn)
   (You found it on level 1 of the Dungeon)
 m - the cursed +0 helmet of the Illusory Coins (worn) {rN+ Int+4}
   (You took it off Robin on level 3 of the Dungeon)

   It affects your intelligence (+4).
   It protects you from negative energy.
   It has a curse placed upon it.
 t - a +0 pair of gloves (worn)
   (You found it on level 4 of the Dungeon)
Wands
 c - a wand of iceblast (9)
   (You found it on level 2 of the Dungeon)
 p - a wand of random effects (8)
   (You took it off Ijyb on level 3 of the Dungeon)
Scrolls
 e - 2 scrolls of remove curse
 j - a scroll of fog {unknown}
 k - 2 scrolls of identify
 l - a scroll of random uselessness {unknown}
 q - a scroll of teleportation {unknown}
 s - a scroll of noise {unknown}
Potions
 f - 2 potions of brilliance
 g - a potion of heal wounds
 n - a potion of curing
 o - a potion of lignification {!q}
Comestibles
 d - 6 rations


   Skills:
 - Level 2.1 Dodging
 - Level 2.4 Stealth
 - Level 4.0 Spellcasting
 - Level 0.8 Transmutations
 + Level 10.3 Earth Magic


You had 11 spell levels left.
You knew the following spells:

 Your Spells              Type           Power        Failure   Level  Hunger
a - Sandblast             Erth           ######       1%          1    None
w - Passwall              Tmut/Erth      ####....     2%          2    #......

Your spell library contained the following spells:

 Spells                   Type           Power        Failure   Level  Hunger
 Stone Arrow              Conj/Erth      ####..       5%          3    ###....
 Lee's Rapid Deconstruct  Erth           ######....   6%          5    ######.
 Petrify                  Tmut/Erth      ####....     14%         4    ####...


Dungeon Overview and Level Annotations

Branches:
Dungeon (4/15)
 Temple: D:4-7

Altars:
Qazlal
Zin

Shops:
D:4 *

Annotations:
D:3 2 transporters
D:4 exclusion: 2 slaves, Pikel


Innate Abilities, Weirdness & Mutations

You are resistant to damage.
You can heal yourself by infusing magical energy.
You passively map a small area around you.
You do not regenerate.


Message History

You hit the giant cockroach. The giant cockroach closely misses you.
You closely miss the giant cockroach.
The giant cockroach bites you but does no damage.
You hit the giant cockroach but do no damage.
The giant cockroach is poisoned.
The giant cockroach closely misses you. The giant cockroach barely misses you.
You kill the giant cockroach!
A rock wall.
You begin to meditate on the wall.
You continue meditating on the rock. x2
You finish merging with the rock.
You now have 8/13 mp.
t - a pair of gloves Wear which item? (? for menu, Esc to quit)
You start putting on your armour.
You continue putting on your pair of gloves. x4
You finish putting on your +0 pair of gloves.
You open the door.
There is an open door here.
You open the door.
Sigmund and a skeleton come into view.
There is an open door here.
Okay, then.
You feel much better.
You regained 18 hp, and now have 31/55 hp.
Aim: a bullfrog skeleton The blast of sand hits the bullfrog skeleton!!
b - 24 stones You now have 10/13 mp.
Aim: a bullfrog skeleton (almost destroyed)
The blast of sand hits the bullfrog skeleton!!
You destroy the bullfrog skeleton!
b - 23 stones You now have 9/13 mp.
Really walk into a travel-excluded area? [Y]es or [N]o only, please.
Really walk into a travel-excluded area?
There is an open door here.
Aim: Sigmund, wielding a +0 scythe and wearing a +0 robe of fire resistance (resting)
The blast of sand hits Sigmund!
Sigmund shouts!
b - 22 stones You now have 8/13 mp.
Aim: Sigmund, wielding a +0 scythe and wearing a +0 robe of fire resistance (moderately wounded)
The blast of sand hits Sigmund!
b - 21 stones Sigmund casts a spell at you.
The magic dart hits you!
You take 7 damage, and have 24/55 hp.
Aim: Sigmund, wielding a +0 scythe and wearing a +0 robe of fire resistance (heavily wounded)
The blast of sand hits Sigmund!
You kill Sigmund!
Your Earth Magic skill increases to level 10!
b - 20 stones You now have 7/13 mp.
You can't see any susceptible monsters within range! (Use Z to cast anyway.) Unknown command.
You open the door.
A slave comes into view.
You close the door.
Things that are here:
a +0 scythe; a +0 robe of fire resistance You open the door.
Found a dagger.
Found a stone staircase leading down.
There is an open door here.
You open the door. 3 slaves and Pikel come into view.
Pikel is wielding a +1 whip of electrocution.
The slave shouts! x2
There is an open door here.
A jackal comes into view.
Pikel says, "You'll fetch a fair price!"
The jackal barks!
You hear a bark! x2
A jackal comes into view. x2
A jackal comes into view.
The jackal barks!
The jackal misses you. The jackal misses you. The jackal bites you.
The jackal bites you but does no damage.
You take 1 damage, and have 23/55 hp.
The jackal bites you but does no damage. x2
The jackal barely misses you. The jackal closely misses you. x2
The jackal bites you but does no damage. x3
The jackal barely misses you. The jackal closely misses you.
You open the door. The jackal barely misses you.
The jackal closely misses you. x3
The jackal completely misses you. The jackal bites you.
The jackal bites you but does no damage.
The jackal closely misses you. The jackal barely misses you.
The jackal bites you.
The jackal bites you but does no damage. x2
The jackal bites you but does no damage.
The jackal barely misses you.
The jackal bites you but does no damage.
Pikel hits you but does no damage.
You are electrocuted!
* * * LOW HITPOINT WARNING * * *
The jackal barely misses you.
You take 7 damage, and have 16/55 hp.
Aim: Pikel, wielding a +1 whip of electrocution and wearing a +0 robe
Okay, then.
Pikel hits you but does no damage.
You are electrocuted!!
You die...

, #....# , ,, ,
, #...#####
,,#...#*..# ,*
, , ,#...#...#
* ,
*##+##...#...#
, #..##...'...#
, * ,,
#...p...# *
#..Kh...##..# ,
, #.@hph......#
, #..h........#
, ,
,*#...........#
,,
.........##..#
.##..##...#*###
., #..##....# ,
, ,[.........#
,, ..........#
,


You could see Pikel, 2 slaves and 4 jackals.

Vanquished Creatures
  Grinder (D:3)
  Sigmund (D:4)
  A centaur (D:4)
  2 bullfrog skeletons (D:4)
  An orc priest (D:3)
  An orc wizard (D:4)
  An iguana (D:4)
  Ijyb (D:3)
  A worker ant (D:4)
  Robin (D:3)
  6 adders
  An ooze (D:4)
  2 worms (D:2)
  3 dart slugs
  9 leopard geckos
  8 orcs
  2 giant cockroaches
  17 goblins
  7 hobgoblins
  2 jackals (D:4)
  4 ball pythons
  2 bats
  A frilled lizard (D:1)
  8 kobolds
  11 rats
94 creatures vanquished.

Notes
Turn   | Place    | Note
-------+----------+-------------------------------------------
     0 | D:1      | Irenicus the Deep Dwarf Earth Elementalist began the quest
                  | for the Orb.
     0 | D:1      | Reached XP level 1. HP: 15/15 MP: 3/3
    42 | D:1      | Reached skill level 2 in Spellcasting
    69 | D:1      | Reached XP level 2. HP: 22/22 MP: 1/5
   226 | D:1      | Learned a level 2 spell: Passwall
   527 | D:2      | Reached XP level 3. HP: 21/28 MP: 3/6
   540 | D:1      | Reached skill level 5 in Earth Magic
   559 | D:2      | HP: 5/28 [worm (5)]
   691 | D:2      | Reached XP level 4. HP: 36/36 MP: 1/7
   695 | D:2      | Reached skill level 6 in Earth Magic
   856 | D:3      | Found a stormy altar of Qazlal.
   857 | D:3      | Noticed an air elemental
   859 | D:3      | Noticed an earth elemental
   859 | D:3      | Noticed a fire elemental
   859 | D:3      | Noticed a water elemental
   899 | D:3      | Identified the cursed +0 helmet of the Illusory Coins {rN+
                  | Int+4}
   899 | D:3      | Noticed Robin
   901 | D:3      | Killed Robin
  1103 | D:3      | Noticed Grinder
  1104 | D:3      | Paralysed by Grinder for 5 turns
  1112 | D:3      | Killed Grinder
  1112 | D:3      | Reached skill level 3 in Spellcasting
  1112 | D:3      | Reached skill level 7 in Earth Magic
  1112 | D:3      | Reached XP level 5. HP: 20/42 MP: 4/10
  1112 | D:3      | Reached XP level 6. HP: 24/49 MP: 4/11
  1223 | D:3      | Noticed Ijyb
  1229 | D:3      | Killed Ijyb
  1244 | D:3      | Found a faded altar of an unknown god.
  1284 | D:3      | Reached skill level 4 in Spellcasting
  1284 | D:3      | Reached skill level 8 in Earth Magic
  1304 | D:3      | Found a transporter.
  1398 | D:3      | Found a transporter.
  1477 | D:4      | Reached XP level 7. HP: 20/55 MP: 8/13
  1478 | D:4      | Found Zin's Purification Station.
  1483 | D:4      | Found a glowing silver altar of Zin.
  1493 | D:4      | Reached skill level 9 in Earth Magic
  1534 | D:4      | HP: 13/55 [worker ant (5)]
  1638 | D:4      | Noticed Sigmund
  1647 | D:4      | Killed Sigmund
  1647 | D:4      | Reached skill level 10 in Earth Magic
  1668 | D:4      | Noticed Pikel
  1693 | D:4      | Slain by Pikel

Skill      XL: |  1  2  3  4  5  6  7 |
---------------+----------------------+-----
Spellcasting   | 2 3 4 |  4.0
Earth Magic    | 5 7 8 10 | 10.3
Dodging        | |  2.1
Stealth        | |  2.4
Transmutations | |  0.8

Action                   |  1- 3 |  4- 6 |  7- 9 || total
-------------------------+-------+-------+-------++-------
Melee: Unarmed           |     4 |       |       ||     4
       Short sword       |    22 |    38 |       ||    60
       Dagger            |       |     9 |       ||     9
       Whip              |       |     5 |     3 ||     8
 Cast: Sandblast         |    39 |    46 |    17 ||   102
       Passwall          |     5 |     7 |     2 ||    14
  Use: Scroll            |     2 |     1 |     3 ||     6
       Potion            |     1 |       |     1 ||     2
 Stab: Distracted        |     1 |       |       ||     1
       Sleeping          |       |     2 |       ||     2
  Eat: Chunk             |       |     2 |     1 ||     3
Armor: Robe              |     5 |       |       ||     5
       Leather armour    |     6 |    15 |    14 ||    35
Dodge: Dodged            |    22 |    43 |    20 ||    85

Levels and vault maps discovered:
D:1:      lemuel_arrival_broad_hall, layout_basic
D:2:      layout_rooms
D:3:      gammafunk_steamed_eel, layout_basic, first_ration,
          chequers_ecumenical_altar_island, nicolae_qazlal_style_of_elements,
          uniq_ijyb, uniq_robin, uniq_grinder
D:4:      layout_gridville, zin_purify, uniq_sigmund, uniq_pikel

Table legend:
 A = Turns spent in this place as a percentage of turns spent in the entire game.
 B = Non-inter-level travel turns spent in this place as a percentage of non-inter-level travel turns spent in the entire game.
 C = Inter-level travel turns spent in this place as a percentage of turns spent in this place.
 D = Turns resting spent in this place as a percentage of non-inter-level travel turns spent in this place.
 E = Turns spent auto-exploring this place as a percentage of non-inter-level travel turns spent in this place.
 F = Non-inter-level travel turns spent in this place divided by the number of levels of this place that you've seen.
                   A       B       C       D       E      F
               +-------+-------+-------+-------+-------+----------------------
         Total | 100.0 | 100.0 |   0.0 |   0.0 |   0.0 | 423.2
       Dungeon | 100.0 | 100.0 |   0.0 |   0.0 |   0.0 | 423.2
               +-------+-------+-------+-------+-------+----------------------

Table legend:
 A = Kills in this place as a percentage of kills in entire the game.
 B = Kills by you in this place as a percentage of kills by you in the entire game.
 C = Kills by friends in this place as a percentage of kills by friends in the entire game.
 D = Other kills in this place as a percentage of other kills in the entire game.
 E = Experience gained in this place as a percentage of experience gained in the entire game.
 F = Experience gained in this place divided by the number of levels of this place that you have seen.
                   A       B       C       D       E      F
               +-------+-------+-------+-------+-------+----------------------
         Total | 100.0 | 100.0 |   N/A |   N/A | 100.0 | 287.0
       Dungeon | 100.0 | 100.0 |   N/A |   N/A | 100.0 | 287.0
               +-------+-------+-------+-------+-------+----------------------
